 Dungeon Crawl Stone Soup version 0.18-a0-1045-g4e042de (webtiles) character file.

6370 dvd the Covert (level 10, -7/46 HPs)
             Began as a Spriggan Enchanter on Jan 11, 2016.
             Was an Initiate of Gozag.
             Mangled by a deep troll earth mage (16 damage)
             ... on level 10 of the Dungeon on Jan 12, 2016.
             The game lasted 00:43:05 (10210 turns).

dvd the Covert (Spriggan Enchanter)                Turns: 10210, Time: 00:43:05

Health: -7/46      AC:  7    Str:  8    XL:     10   Next: 65%
Magic:  33/35      EV: 20    Int: 20    God:    Gozag
Gold:   2010       SH:  7    Dex: 17    Spells: 3 memorised, 23 levels left

rFire  . . .     SeeInvis +     a - +3 dagger
rCold  . . .     Gourm    .     K - +2 robe {rN+}
rNeg   + . .     Faith    .     I - +2 buckler {rPois}
rPois  +         Spirit   .     m - +2 hat
rElec  .         Dismiss  .     j - +0 cloak
rCorr  .         Reflect  .     (gloves unavailable)
SustAt .         Harm     .     (boots unavailable)
MR     ++...                    x - amulet of regeneration
Stlth  +++++++...               G - ring "Exuwamau" {*Confuse MR+ Str+4 Slay+2 Stlth+}
                                e - ring of magical power

@: very quick, very resistant to hostile enchantments, extremely stealthy
A: unfitting armour, see invisible, herbivore 3, speed 3, slow metabolism 2
a: Potion Petition, Call Merchant, Bribe Branch, Renounce Religion


You were on level 10 of the Dungeon.
You worshipped Gozag.
Gozag was noncommittal.
You were not hungry.

You visited 2 branches of the dungeon, and saw 11 of its levels.
You also visited: Ossuary.

You collected 2032 gold pieces.
You paid 22 gold pieces to Gozag.

Inventory:

Hand Weapons
 a - a +3 dagger (weapon)
 i - a +0 dagger of holy wrath
 p - a +0 hunting sling
 r - a +0 dagger of venom
 A - a +0 rapier of draining
 B - a +0 dagger of protection
 E - a +2 falchion of electrocution
Missiles
 q - 225 stones (quivered)
 v - 41 sling bullets
Armour
 j - a +0 cloak (worn)
 m - a +2 hat (worn)
 I - a +2 buckler of poison resistance (worn)
 K - a +2 robe of positive energy (worn)
Jewellery
 e - a ring of magical power (left hand)
 x - an amulet of regeneration (around neck)
 C - an uncursed ring of fire
 D - an uncursed ring of fire
 G - the ring "Exuwamau" (right hand) {*Confuse MR+ Str+4 Slay+2 Stlth+}
   (You found it on level 9 of the Dungeon)

   [ring of stealth]

   It affects your strength (+4).
   It affects your accuracy and damage with ranged weapons and melee attacks
   (+2).
   It affects your resistance to hostile enchantments.
   It may confuse you when you take damage.
   It makes you more stealthy.
Wands
 d - a wand of fireball (6/15)
 u - a wand of paralysis (17/24)
 y - a wand of cold (2/15)
 z - a wand of slowing (25/48)
Scrolls
 f - a scroll of amnesia
 g - 3 scrolls of teleportation
 l - 6 scrolls of remove curse
 n - 10 scrolls of identify
 t - a scroll of magic mapping
 F - a scroll of fear
Potions
 b - 2 potions of flight
 h - 2 potions of curing
 k - 3 potions of heal wounds
 o - 2 potions of might
Books
 c - a book of Maledictions

   Spells                             Type                      Level
   a - Corona                         Hexes                        1
   b - Ensorcelled Hibernation        Hexes/Ice                    2
   c - Confuse                        Hexes                        3
   d - Tukima's Dance                 Hexes                        3
   e - Dazzling Spray                 Conjuration/Hexes            3
Comestibles
 s - 4 bread rations
 w - 4 fruits


   Skills:
 + Level 1.4 Fighting
 + Level 2.9(3.0) Short Blades
 + Level 0.2(1.3) Long Blades
 + Level 0.2 Slings
 + Level 5.9 Dodging
 + Level 12.8 Stealth
 + Level 0.7 Shields
 * Level 11.1 Spellcasting
 * Level 10.6 Hexes
 + Level 3.0 Ice Magic
 + Level 0.3 Evocations


You had 23 spell levels left.
You knew the following spells:

 Your Spells              Type           Power        Failure   Level  Hunger
b - Ensorcelled Hibernat  Hex/Ice        #####.       1%          2    None
c - Confuse               Hex            ######..     1%          3    None
d - Tukima's Dance        Hex            ######..     1%          3    None


Dungeon Overview and Level Annotations

Branches:
Dungeon (10/15)            Temple (1/1) D:5            Lair (0/8) D:9
    Orc: D:9-12

Altars:
Ashenzari
Cheibriados
Dithmenos
Elyvilon
Fedhas
Gozag
Kikubaaqudgha
Makhleb
Nemelex Xobeh
Okawaru
Pakellas
Qazlal
Ru
Sif Muna
Trog
Vehumet
Xom
Yredelemnul
Zin
The Shining One


Innate Abilities, Weirdness & Mutations

You are tiny and cannot use many weapons and most armour.
You have supernaturally acute eyesight.
You are a herbivore.
You cover ground extremely quickly.
You need consume almost no food.


Message History

You kill the hill giant!
You now have 2010 gold pieces (gained 20).
You see here a giant club.
You open the door.
A wolf spider and a deep troll earth mage come into view.
The wolf spider hisses angrily.
The deep troll earth mage shouts!
Found 19 gold pieces.
Casting: Confuse
Confirm with . or Enter, or press ? or * to list all spells.
Aiming: Ensorcelled Hibernation
Press: ? - help, Shift-Dir - straight line, f - deep troll earth mage
Aim: a deep troll earth mage (chance to defeat MR: 49%)
The deep troll earth mage resists with some effort.
You block the deep troll earth mage's attack.
The deep troll earth mage claws you! x2
The deep troll earth mage misses you. The deep troll earth mage claws you!
* * * LOW HITPOINT WARNING * * *
The deep troll earth mage claws you!
You die...
Your body crumbles into a pile of gold.

##########
#..#..#..#
#..'..'..#
##'####'##
#..# #..#
#..# #..#
##@##+#'## #
#.)Ts.#..#.#
#..#..#..#.#
########'#.#
...........#
....#..#...#
# #..#.#.#
#..#...#
#..#...##
####


You could see a wolf spider and a deep troll earth mage.

Vanquished Creatures
  Erolcha (D:9)
  A deep troll (D:10)
  A hill giant (D:10)
  Pikel (D:6)
  An ugly thing (D:10)
  Sigmund (D:3)
  Eustachio (D:4)
  2 hippogriffs
  A hungry ghost (D:8)
  Edmund (D:6)
  An orc warrior (D:9)
  2 sky beasts (D:8)
  A slave (D:6)
  2 ogres
  2 centaurs (D:8)
  Blork the orc (D:4)
  10 giant frogs
  11 killer bees
  4 crimson imps
  2 giant frog zombies
  2 hounds
  3 orc priests
  A centaur skeleton (D:8)
  A giant frog skeleton (D:7)
  5 iguanas
  11 orc wizards
  2 worker ants
  4 big kobold zombies (Ossuary)
  2 hound zombies
  2 mummies (Ossuary)
  Robin (D:2)
  3 gnolls (D:2)
  7 adders
  3 shadow imps
  2 oozes
  An adder zombie (D:7)
  An adder skeleton (D:9)
  3 worms (D:2)
  5 giant geckos
  11 orcs
  7 bats
  6 giant cockroaches
  15 goblins
  8 hobgoblins
  17 jackals
  5 kobolds
  3 quokkas
  2 ball pythons
  A giant gecko zombie (D:7)
  4 giant newts
  A gnoll zombie (Ossuary)
  A goblin zombie (Ossuary)
  5 hobgoblin zombies (Ossuary)
  A jackal zombie (D:5)
  3 orc zombies (Ossuary)
  A quokka zombie (D:9)
  38 rats
235 creatures vanquished.

Vanquished Creatures (collateral kills)
  An orc warrior (D:8)
  An ogre (D:5)
  An orc priest (D:8)
  An orc wizard (D:5)
  3 gnolls (D:6)
  11 orcs
18 creatures vanquished.

Vanquished Creatures (others)
  A wasp (D:5)
1 creature vanquished.

Grand Total: 254 creatures vanquished

Notes
Turn   | Place    | Note
--------------------------------------------------------------
     0 | D:1      | dvd the Spriggan Enchanter began the quest for the Orb.
     0 | D:1      | Reached XP level 1. HP: 9/9 MP: 5/5
   541 | D:1      | Reached XP level 2. HP: 7/13 MP: 4/7
   561 | D:1      | Learned a level 2 spell: Ensorcelled Hibernation
  1285 | D:2      | Reached XP level 3. HP: 16/16 MP: 3/8
  1392 | D:2      | Reached skill level 5 in Stealth
  1393 | D:2      | Noticed Robin
  1471 | D:2      | Learned a level 3 spell: Confuse
  1584 | D:2      | Reached XP level 4. HP: 21/21 MP: 1/10
  1591 | D:2      | Learned a level 3 spell: Tukima's Dance
  1934 | D:2      | Killed Robin
  2329 | D:2      | Reached skill level 5 in Hexes
  2351 | D:2      | Found a blossoming altar of Fedhas.
  2357 | D:2      | Found an opulent altar of Gozag.
  2359 | D:2      | Found an iron altar of Okawaru.
  2359 | D:2      | Found a burning altar of Makhleb.
  2361 | D:2      | Found a basalt altar of Yredelemnul.
  2362 | D:2      | Reached skill level 1 in Ice Magic
  2366 | D:2      | Found an ancient bone altar of Kikubaaqudgha.
  2402 | D:2      | Became a worshipper of Gozag Ym Sagoz the Greedy
  2537 | D:2      | Reached skill level 6 in Stealth
  2556 | D:2      | Reached XP level 5. HP: 24/24 MP: 4/11
  3198 | D:3      | Found a glowing golden altar of the Shining One.
  3215 | D:3      | Noticed Sigmund
  3230 | D:3      | Killed Sigmund
  3230 | D:3      | Reached XP level 6. HP: 22/28 MP: 2/14
  3359 | D:3      | Reached skill level 7 in Stealth
  4015 | D:4      | Noticed Blork the orc
  4031 | D:4      | Killed Blork the orc
  4226 | D:4      | Reached XP level 7. HP: 32/32 MP: 15/15
  4303 | D:4      | Noticed Eustachio
  4374 | D:4      | Killed Eustachio
  4374 | D:4      | Reached skill level 5 in Spellcasting
  4695 | D:4      | Reached skill level 8 in Stealth
  5071 | D:5      | Entered Level 5 of the Dungeon
  5389 | D:5      | Found a shimmering altar of Xom.
  5537 | D:5      | Reached XP level 8. HP: 37/37 MP: 13/18
  5653 | D:5      | Found a staircase to the Ecumenical Temple.
  5662 | Temple   | Entered the Ecumenical Temple
  5953 | D:5      | Found an oddly glowing altar of Pakellas.
  5953 | D:5      | Noticed an orange crystal statue
  6329 | D:6      | Noticed Edmund
  6349 | D:6      | Killed Edmund
  6349 | D:6      | Reached skill level 1 in Fighting
  6349 | D:6      | Reached skill level 9 in Stealth
  6495 | D:6      | Noticed Pikel
  7036 | D:6      | Killed Pikel
  7230 | D:7      | Found a deep blue altar of Sif Muna.
  7293 | D:7      | Reached XP level 9. HP: 41/41 MP: 19/22
  7312 | D:7      | Found a shattered altar of Ashenzari.
  7389 | D:7      | Reached skill level 10 in Stealth
  7398 | D:7      | Found a sand-covered staircase.
  7405 | D:7      | Found a white marble altar of Elyvilon.
  7408 | D:7      | Found a bloodstained altar of Trog.
  7422 | D:7      | Found a sparkling altar of Nemelex Xobeh.
  7440 | Ossuary  | Entered an ossuary
  8194 | D:7      | Found a deep blue altar of Sif Muna.
  8382 | D:8      | Reached skill level 5 in Dodging
  9103 | D:9      | Found a shattered altar of Ashenzari.
  9103 | D:9      | Noticed Erolcha
  9278 | D:8      | Reached skill level 10 in Spellcasting
  9726 | D:9      | Killed Erolcha
  9726 | D:9      | Reached skill level 11 in Stealth
  9726 | D:9      | Reached XP level 10. HP: 46/46 MP: 25/25
  9833 | D:9      | Found a staircase to the Lair.
  9974 | D:9      | Reached skill level 10 in Hexes
 10006 | D:9      | Got a scorched jade ring
 10007 | D:9      | Identified the ring "Exuwamau" {*Confuse MR+ Str+4 Slay+2 Stlth+} (You found it on level 9 of the Dungeon)
 10135 | D:10     | Entered Level 10 of the Dungeon
 10179 | D:10     | Found a runed door.
 10186 | D:10     | Noticed a deep troll
 10188 | D:10     | Killed a deep troll
 10188 | D:10     | Reached skill level 12 in Stealth
 10192 | D:10     | Noticed a white ugly thing
 10195 | D:10     | Killed a white ugly thing
 10203 | D:10     | Noticed a hill giant
 10205 | D:10     | Killed a hill giant
 10208 | D:10     | Noticed a wolf spider
 10208 | D:10     | Noticed a deep troll earth mage
 10210 | D:10     | Mangled by a deep troll earth mage

Vault maps used:
D:1:      minmay_arrival_stone_box
D:2:      forest_paths, minitemple, minmay_rats_cheesy_pizza, uniq_robin
D:3:      tso_metal_star, uniq_sigmund
D:4:      first_bread, uniq_eustachio, uniq_blork_the_orc
D:5:      lemuel_crystal_altar, minmay_temple_entry_large_hall,
          gammafunk_pakellas_statue_experiment
D:6:      kennysheep_windowed_goal, uniq_pikel, uniq_edmund
D:7:      overflow_temple_1_default, lemuel_coloured_pillars_altar,
          grunt_temple_overflow_open, enter_ossuary_3, basic_altar
D:9:      lair_0_dummy, cheibrodos_ashenzari_chains, uniq_erolcha
D:10:     minivault_13
Temple:   zaba_magenta_temple_8
Ossuary:  minmay_ossuary_gauntlet

Action                   |  1- 3 |  4- 6 |  7- 9 | 10-12 || total
-------------------------+-------+-------+-------+-------++-------
Melee: Dagger            |    45 |   124 |   223 |    27 ||   419
       Hunting sling     |       |     1 |       |       ||     1
       Rapier            |       |       |    26 |       ||    26
       Falchion          |       |       |    39 |       ||    39
 Fire: Hunting sling     |       |    11 |     3 |       ||    14
 Cast: Corona            |    10 |     4 |       |       ||    14
       Ensorcelled Hiber |    21 |    52 |    67 |    13 ||   153
       Confuse           |       |     1 |    50 |     4 ||    55
       Tukima's Dance    |       |       |    22 |       ||    22
Evoke: Wand              |       |     1 |     1 |       ||     2
  Use: Scroll            |       |     2 |    11 |     2 ||    15
       Potion            |       |       |     7 |       ||     7
 Stab: Sleeping          |    23 |    60 |    55 |    18 ||   156
       Distracted        |       |     1 |     2 |       ||     3
       Paralysed         |       |     2 |     2 |       ||     4
       Confused          |       |       |    23 |     3 ||    26
  Eat: Bread ration      |       |     1 |       |       ||     1
       Pizza             |       |       |     1 |       ||     1
       Royal jelly       |       |       |     1 |       ||     1
       Fruit             |       |       |     1 |       ||     1
